 Dungeon Crawl Stone Soup version 0.26-a0-597-gb535b0901c (webtiles) character file.

Game seed: 11052044767941600826

307 HoaS the Shield-Bearer (level 6, -6/47 HPs)
             Began as a Formicid Fighter on Aug 29, 2020.
             Mangled by an ice beast (13 damage)
             ... on level 4 of the Dungeon.
             The game lasted 00:06:18 (2842 turns).

HoaS the Shield-Bearer (Formicid Fighter)           Turns: 2842, Time: 00:06:19

Health: -6/47      AC:  6    Str: 22    XL:     6   Next: 68%
Magic:  6/6        EV:  8    Int:  8    God:
Gold:   177        SH: 11    Dex: 10    Spells: 5/5 levels left

rFire    . . .     SeeInvis +   a - +0 quarterstaff
rCold    . . .     Faith    .   c - +1 kite shield
rNeg     . . .     Spirit   .   b - +0 scale mail
rPois    .         Reflect  .   (helmet unavailable)
rElec    .         Harm     .   (no cloak)
rCorr    .                      (no gloves)
MR       +....                  (no boots)
Stlth    ..........             (no amulet)
HPRegen  0.15/turn              g - ring of protection from magic
MPRegen  0.10/turn              (no ring)

@: lethally poisoned (-6 -> -7)
A: permanent stasis, dig shafts and tunnels, four strong arms, antennae 3
a: Dig, Shaft Self


You were on level 4 of the Dungeon.
You visited 1 branch of the dungeon, and saw 4 of its levels.

You collected 177 gold pieces.

Inventory:

Hand Weapons
 a - a +0 quarterstaff (weapon)
Armour
 b - a +0 scale mail (worn)
 c - a +1 kite shield (worn)
Jewellery
 g - a ring of protection from magic (left hand)
Scrolls
 e - 3 scrolls of enchant armour
 k - a scroll of identify
Potions
 d - 5 potions of might
 f - a potion of ambrosia {unknown}
 h - 3 potions of heal wounds
 i - 2 potions of lignification {unknown}
 j - a potion of flight {unknown}


   Skills:
 - Level 3.2 Fighting
 * Level 5.4 Staves
 - Level 3.2 Armour
 + Level 5.6 Shields


You had 5 spell levels left.
You didn't know any spells.
Your spell library was empty.

Dungeon Overview and Level Annotations

Branches:
Dungeon (4/15)
 Temple: D:4-7

Altars:
Nemelex Xobeh


Innate Abilities, Weirdness & Mutations

You cannot be hasted, slowed, berserked, paralysed or teleported.
You can dig through walls and to a lower floor.
Your four strong arms can wield two-handed weapons with a shield.
You have a pair of large antennae on your head. (SInv)


Message History

You hit the ice beast.
The ice beast is lightly wounded.
You feel sick.
The ice beast hits you but does no damage. x2
You hit the ice beast.
The ice beast is lightly wounded.
The ice beast hits you but does no damage.
You thump the ice beast!
The ice beast is heavily wounded.
You block the ice beast's attack.
You closely miss the ice beast.
The ice beast is heavily wounded.
The ice beast hits you. The ice beast freezes you.
* * * LOW HITPOINT WARNING * * *
You closely miss the ice beast.
The ice beast is heavily wounded.
You feel sick. The ice beast hits you.
* * * LOW HITPOINT WARNING * * *
The ice beast freezes you!
You die...

#......#
.#...
#......# #...
#......## ..
#.......#
#.....?.## {
#........#
#....Zo#.#
######Y#.#
######@#.#
#......#
#.######
###########.#
............#
#############


You could see an ice beast, an orc and an adder skeleton.

Vanquished Creatures
  A centaur skeleton (D:4)
  2 orc priests (D:3)
  Jessica (D:2)
  A worker ant (D:4)
  A worker ant zombie (D:3)
  5 adders
  2 worms (D:2)
  4 dart slugs
  3 leopard geckos (D:3)
  13 orcs
  A ball python (D:4)
  7 bats
  3 giant cockroaches
  12 goblins
  6 hobgoblins
  9 jackals
  4 kobolds
  2 quokkas
  8 rats
85 creatures vanquished.

Notes
Turn   | Place    | Note
-------+----------+-------------------------------------------
     0 | D:1      | HoaS the Formicid Fighter began the quest for the Orb.
     0 | D:1      | Reached XP level 1. HP: 18/18 MP: 1/1
   156 | D:1      | Reached XP level 2. HP: 24/24 MP: 2/2
   362 | D:1      | Reached XP level 3. HP: 27/29 MP: 3/3
   855 | D:2      | Noticed Jessica
   889 | D:2      | Killed Jessica
   889 | D:2      | Reached XP level 4. HP: 15/35 MP: 4/4
  1489 | D:2      | Reached XP level 5. HP: 41/41 MP: 5/5
  1531 | D:2      | Found a sparkling altar of Nemelex Xobeh.
  1929 | D:3      | Reached skill level 5 in Shields
  2299 | D:3      | Reached XP level 6. HP: 47/47 MP: 6/6
  2350 | D:3      | Reached skill level 5 in Staves
  2802 | D:4      | Noticed an ice beast
  2842 | D:4      | Mangled by an ice beast

Illustrated notes

Levels and vault maps discovered:
D:1:      dpeg_arrival_erosion, layout_loops_ring, minmay_tetromino_l2
D:2:      layout_rooms, nicolae_overflow_crystal_walls,
          kennysheep_generic_room_13, uniq_jessica
D:3:      layout_loops_cross, kennysheep_big_empty_room
D:4:      layout_basic, nicolae_overflow_hidden_temple, uniq_pikel, uniq_natasha

Skill      XL: |  1  2  3  4  5  6 |
---------------+-------------------+-----
Shields        | 4 5 |  5.6
Staves         | 3 4 5 |  5.4
Fighting       | |  3.2
Armour         | |  3.2

Action                   |  1- 3 |  4- 6 || total
-------------------------+-------+-------++-------
Melee: Quarterstaff      |   102 |   177 ||   279
 Abil: Dig               |     3 |     2 ||     5
  Use: Scroll            |     3 |     7 ||    10
Armor: Scale mail        |    54 |    48 ||   102
Dodge: Dodged            |    36 |    42 ||    78
Block: Kite shield       |    63 |   104 ||   167

Table legend: (Time is in decaauts)
 A = Elapsed time spent in this place.
 B = Non-inter-level travel time spent in this place.
 C = Inter-level travel time spent in this place.
 D = Time resting spent in this place.
 E = Time spent auto-exploring this place.
 F = Levels seen in this place.
 G = Mean time per level.
                   A        B        C        D        E       F      G
               +--------+--------+--------+--------+--------+-----+--------+
         Total |   2885 |   2827 |     58 |    736 |   1437 |   4 |  721.2 |
       Dungeon |   2885 |   2827 |     58 |    736 |   1437 |   4 |  721.2 |
               +--------+--------+--------+--------+--------+-----+--------+

Top non-repeatable levels by time:
     D:3: 1007 daAuts
     D:2: 898 daAuts
     D:1: 851 daAuts
     D:4: 129 daAuts
